 Dungeon Crawl Stone Soup version 0.27-a0-1597-ge58577e147 (webtiles) character file.

Game seed: 8807993041044529439

521 Blejac999 the Slasher (level 7, -2/45 HPs)
             Began as a Djinni Gladiator on July 21, 2021.
             Was an Initiate of the Shining One.
             Splashed by a jelly's acid (4 damage)
             ... on level 5 of the Dungeon.
             The game lasted 00:07:31 (5309 turns).

Blejac999 the Slasher (Djinni Gladiator)            Turns: 5309, Time: 00:07:32

Health: -2/45      AC: -10   Str: 20 (21) XL:     7   Next: 46%
Gold:   163        EV: 16    Int: 10 (12) God:    the Shining One [......] SH:  0 Dex: 11 (14)

rFire    + + .     SeeInvis .   a - +1 long sword
rCold    x . .     Faith    .   (no shield)
rNeg     . . .     Spirit   .   b - +0 leather armour
rPois    ∞         Reflect  .   c - +0 helmet
rElec    .         Harm     .   k - +0 cloak
rCorr    .         Rampage  .   (no gloves)
Will     .....                  (boots unavailable)
Stlth    +.........             (no amulet)
HPRegen  0.15/turn              i - +4 ring of evasion
MPRegen  0.00/turn              h - +6 ring of strength

@: corroded, flying, glowing
A: sickness immunity, fire resistance 2, cold vulnerability 1, float, innate
caster, hp casting, extra vitality 1, clever 1, frail 1
a: Renounce Religion


You were on level 5 of the Dungeon.
You worshipped the Shining One.
The Shining One was noncommittal.
You visited 2 branches of the dungeon, and saw 6 of its levels.

You collected 163 gold pieces.

Inventory:

Hand Weapons
 a - a +1 long sword (weapon)
Missiles
 o - 3 curare-tipped darts (quivered)
Armour
 b - a +0 leather armour (worn)
 c - a +0 helmet (worn)
 k - a +0 cloak (worn)
Jewellery
 d - a +4 ring of evasion
 e - a ring of wizardry
 h - a +6 ring of strength (right hand)
 i - a +4 ring of evasion (left hand)
Wands
 g - a wand of polymorph (8)
 j - a wand of digging (3)
 l - a wand of flame (5)
Scrolls
 f - 2 scrolls of identify
 m - 2 scrolls of teleportation


   Skills:
 + Level 3.0 Fighting
 + Level 5.1 Long Blades
 + Level 1.7 Throwing
 + Level 2.8 Armour
 + Level 4.1 Dodging
 + Level 1.3 Stealth
 * Level 1.5 Spellcasting


You had 3 spell levels left.
You knew the following spells:

 Your Spells              Type           Power      Damage    Failure   Level
a - Animate Skeleton      Necr           6%         N/A       21%         1
b - Wereblood             Tmut           3%         N/A       30%         2
c - Vampiric Draining     Necr           1%         2d6       52%         3
Your spell library was empty.

Dungeon Overview and Level Annotations

Branches:
Dungeon (5/15)             Temple (1/1) D:4

Altars:
Ashenzari
Cheibriados
Dithmenos
Elyvilon
Gozag
Makhleb
Nemelex Xobeh
Qazlal
Ru
Sif Muna
Trog
Uskayaw
Wu Jian
Yredelemnul
Zin
The Shining One


Innate Abilities, Weirdness & Mutations

You are immune to sickness and miasma.
You are immune to poison.
Your flesh is very heat resistant. (rF++)
You are vulnerable to cold. (rC-)
You float through the air rather than walking.
You learn spells naturally, not from books.
Your magical power is your life essence.
You have superior vitality. (+4 HP)
Your mind is acute. (Int +2)
You are frail. (-10% HP)


Message History

Press: ? - help, Q - select action, (/) - cycle Shift-Dir - straight line, f - jelly
Aim: a jelly (89% to hit)
You throw a curare-tipped dart. The curare-tipped dart hits the jelly.
Throw: 6 darts (curare)
Press: ? - help, Q - select action, (/) - cycle Shift-Dir - straight line, f/p - jelly
Aim: a jelly (89% to hit)
You throw a curare-tipped dart. The curare-tipped dart hits the jelly.
Throw: 5 darts (curare)
Press: ? - help, Q - select action, (/) - cycle Shift-Dir - straight line, f/p - jelly
Aim: a jelly (89% to hit)
You throw a curare-tipped dart. The curare-tipped dart hits the jelly.
Throw: 4 darts (curare)
Press: ? - help, Q - select action, (/) - cycle Shift-Dir - straight line, f/p - jelly
Aim: a jelly (89% to hit)
You throw a curare-tipped dart. The curare-tipped dart hits the jelly.
You barely miss the jelly. The jelly barely misses you.
You hit the jelly. The acid corrodes you!
Your hands burn!
The jelly is moderately wounded.
The jelly hits you. The acid corrodes you!
You are splashed with acid!
The jelly hits you. The acid corrodes you!
You are splashed with acid.
You slash the jelly!
Your hands burn!
The jelly is severely wounded.
The jelly misses you.
You are too injured to fight recklessly!
You are too injured to fight recklessly!
You are too injured to fight recklessly!
You are too injured to fight recklessly!
You are too injured to fight recklessly!
You hit the jelly.
Your hands burn!
The jelly is almost dead.
The jelly hits you.
* * * LOW HITPOINT WARNING * * *
The acid corrodes you!
You are splashed with acid.
* * * LOW HITPOINT WARNING * * *
You hit the jelly.
Your hands burn!
* * * LOW HITPOINT WARNING * * *
The jelly is almost dead.
The jelly closely misses you.
You hit the jelly but do no damage.
Your hands burn!
You die...

..... .# .. #...#
.##.### # #...#
....... .. #...#
....... #.#+#...##
.......
##........##.......
..........#.....(..
#....<...@J.((...
#.........#........
#.#.......+.#######
#.......#.#
#.......#.#
#...>...###
#.......# ######.##


You could see a jelly.

Vanquished Creatures
  An ogre (D:4)
  A sky beast (D:4)
  A phantom (D:4)
  A scorpion (Temple)
  Crazy Yiuf (D:3)
  A hound (D:3)
  4 adders
  An ufetubus (D:4)
  2 worms
  2 dart slugs
  2 orcs (D:3)
  6 bats
  10 endoplasms
  5 giant cockroaches
  8 goblins
  8 hobgoblins
  6 jackals
  5 quokkas
  8 ball pythons
  8 frilled lizards
  6 kobolds
  8 rats
95 creatures vanquished.

Vanquished Creatures (others)
  5 fungi (D:3)
  14 plants
19 creatures vanquished.

Grand Total: 114 creatures vanquished

Notes
Turn   | Place    | Note
-------+----------+-------------------------------------------
     0 | D:1      | Blejac999 the Djinni Gladiator began the quest for the Orb.
     0 | D:1      | Reached XP level 1. HP: 18/18 MP: 0/0
   232 | D:1      | Reached XP level 2. HP: 21/23 MP: 0/0
   257 | D:1      | Reached skill level 3 in Long Blades
   688 | D:1      | Reached XP level 3. HP: 25/28 MP: 0/0
   688 | D:1      | Learned a level 1 spell: Animate Skeleton
  1083 | D:1      | Reached skill level 1 in Armour
  1533 | D:2      | Reached XP level 4. HP: 18/33 MP: 0/0
  3159 | D:3      | Reached XP level 5. HP: 30/38 MP: 0/0
  3159 | D:3      | Learned a level 2 spell: Wereblood
  3307 | D:3      | Found a faded altar of an unknown god.
  3331 | D:3      | Reached skill level 4 in Long Blades
  4059 | D:3      | Found a runed translucent door.
  4060 | D:3      | Noticed Crazy Yiuf
  4071 | D:3      | Killed Crazy Yiuf
  4072 | D:3      | Reached XP level 6. HP: 45/45 MP: 0/0
  4244 | D:4      | Found a staircase to the Ecumenical Temple.
  4255 | D:4      | Noticed an ogre
  4258 | D:4      | Noticed a sky beast
  4267 | D:4      | Killed an ogre
  4268 | D:4      | Reached skill level 1 in Stealth
  4270 | Temple   | Entered the Ecumenical Temple
  4302 | Temple   | Reached skill level 1 in Spellcasting
  4595 | Temple   | Became a worshipper of the Shining One
  4627 | D:4      | Killed a sky beast
  4628 | D:4      | Reached skill level 5 in Long Blades
  4628 | D:4      | Reached XP level 7. HP: 43/49 MP: 0/0
  4628 | D:4      | Learned a level 3 spell: Vampiric Draining
  4670 | D:4      | Gained mutation: Your mind is acute. (Int +2) [potion of
                  | mutation]
  4670 | D:4      | Gained mutation: You are frail. (-10% HP) [potion of
                  | mutation]
  5295 | D:5      | Entered Level 5 of the Dungeon
  5308 | D:5      | HP: 2/45 [acid (5)]
  5309 | D:5      | Splashed by a jelly's acid

Illustrated notes

Levels and vault maps discovered:
D:1:      nicolae_arrival_washed_ashore, layout_loops_cross, minmay_surrounded
D:2:      layout_basic, minmay_tall_x
D:3:      layout_basic, dreamdust_ecumenical_altar_grove, minmay_statues_item,
          uniq_crazy_yiuf_cottage
D:4:      layout_loops_cross, minmay_temple_entry_gardened_gates, corexii_shack
D:5:      layout_basic, tgw_kikubaaqudgha, nicolae_shop_clearance,
          uniq_prince_ribbit1, uniq_ijyb, uniq_menkaure, uniq_sigmund
Temple:   nicolae_temple_elliptical

Skill      XL: |  1  2  3  4  5  6  7 |
---------------+----------------------+-----
Long Blades    | 3 4 5 |  5.1
Armour         | 1 2 |  2.8
Dodging        | 4 |  4.1
Stealth        | 1 |  1.3
Spellcasting   | 1 |  1.5
Fighting       | 3 |  3.0
Throwing       | |  1.7

Action                   |  1- 3 |  4- 6 |  7- 9 || total
-------------------------+-------+-------+-------++-------
Melee: Long sword        |   105 |   149 |    33 ||   287
Throw: Throwing net      |       |     7 |       ||     7
       Dart              |       |       |     8 ||     8
 Cast: Animate Skeleton  |     4 |     4 |       ||     8
  Use: Scroll            |     1 |     2 |     1 ||     4
       Potion            |     1 |     1 |     4 ||     6
 Stab: Sleeping          |     2 |     3 |       ||     5
       Held in net/web   |       |     2 |       ||     2
Armor: Leather armour    |    34 |    40 |     8 ||    82
Dodge: Dodged            |    69 |   104 |    19 ||   192
       Rpst.: Long sword |    20 |    33 |     5 ||    58

Table legend: (Time is in decaauts)
 A = Elapsed time spent in this place.
 B = Non-inter-level travel time spent in this place.
 C = Inter-level travel time spent in this place.
 D = Time resting spent in this place.
 E = Time spent auto-exploring this place.
 F = Levels seen in this place.
 G = Mean time per level.
                   A        B        C        D        E       F      G
               +--------+--------+--------+--------+--------+-----+--------+
         Total |   5365 |   5208 |    157 |   1767 |   2629 |   6 |  894.2 |
       Dungeon |   5015 |   4880 |    135 |   1767 |   2371 |   5 | 1003.0 |
        Temple |    349 |    327 |     22 |      0 |    258 |   1 |  349.0 |
               +--------+--------+--------+--------+--------+-----+--------+

Top non-repeatable levels by time:
     D:2: 1551 daAuts
     D:1: 1456 daAuts
     D:3: 1161 daAuts
     D:4: 831 daAuts
  Temple: 349 daAuts
     D:5: 14 daAuts
